Map: [ESL] Hard Lead

Players

MaxPax

  • Race: Protoss Protoss
  • Spawn Location: 11:00

ShoWTimE - Winner!

  • Race: Protoss Protoss
  • Spawn Location: 5:00

Event: ESL SC2 Masters 2023 Winter (Regional)

VOD

Have the link to the VOD?

Description

Time

  • Played on: Nov. 12, 2023, 1:21 p.m.
  • Length: 7:39

All games in this series

Show
View Real Time Build Order
Export as new Build Order

MaxPax Protoss 

Build Orders: Phoenix Opening, Mass Phoenix 

Get SALT Encoding   

  12  0:00  Probe  
  13  0:12  Probe  
  14  0:19  Pylon  
  14  0:24  Probe  
  15  0:38  Probe (Chrono Boost)  
  15  0:40  Gateway  
  16  0:46  Probe (Chrono Boost)  
  16  0:47  Assimilator  
  17  0:52  Probe  
  18  1:04  Probe  
  18  1:09  Assimilator  
  19  1:17  Probe (Chrono Boost)  
  20  1:19  Pylon  
  20  1:27  Cybernetics Core, Probe (Chrono Boost)  
  20  1:32  Probe (Chrono Boost)  
  21  1:37  Zealot  
  24  1:43  Probe  
  25  1:55  Probe  
  26  2:05  Stargate  
  26  2:08  Stalker  
  28  2:23  Nexus  
  28  2:30  Pylon  
  28  2:38  Stalker  
  31  2:47  Phoenix (Chrono Boost)  
  31  2:50  Probe  
  33  3:05  Shield Battery, Phoenix (Chrono Boost)  
  34  3:09  Probe  
  36  3:14  Stalker  
  38  3:21  Probe  
  39  3:34  Pylon  
  39  3:35  Phoenix (Chrono Boost)  
  39  3:50  Probe x2  
  39  3:55  Assimilator  
  37  3:57  Phoenix (Chrono Boost)  
  37  4:02  Probe x2  
  41  4:12  Assimilator  
  41  4:14  Probe x2, Phoenix (Chrono Boost)  
  45  4:25  Stargate  
  45  4:26  Probe  
  45  4:27  Probe  
  47  4:37  Phoenix (Chrono Boost)  
  49  4:39  Probe x2  
  49  4:45  Pylon  
  51  4:51  Probe x2  
  53  4:53  Phoenix (Chrono Boost)  
  55  5:03  Probe x2  
  59  5:15  Probe x2  
  59  5:17  Phoenix (Chrono Boost)  
  59  5:19  Phoenix (Chrono Boost)  
  63  5:23  Pylon  
  63  5:27  Probe  
  64  5:28  Probe  
  64  5:30  Fleet Beacon  
  64  5:33  Phoenix (Chrono Boost)  
  67  5:44  Pylon  
  69  5:51  Phoenix (Chrono Boost)  
  69  5:56  Phoenix (Chrono Boost)  
  69  6:02  Nexus  
  69  6:06  Probe x2  
  73  6:11  Anion Pulse-Crystals (Chrono Boost)  
  73  6:15  Phoenix  
  73  6:18  Probe  
  74  6:24  Probe  
  75  6:27  Phoenix (Chrono Boost)  
  75  6:29  Zealot  
  75  6:31  Probe  
  80  6:36  Probe  
  80  6:39  Assimilator  
  81  6:40  Phoenix (Chrono Boost)  
  81  6:43  Probe  
  81  6:44  Assimilator  
  81  6:46  Pylon  
  85  6:56  Pylon  
  85  6:59  Phoenix (Chrono Boost)  
  86  7:04  Probe x2  
  86  7:06  Phoenix (Chrono Boost)  
  82  7:16  Probe  
  82  7:20  Probe  
  82  7:22  Phoenix (Chrono Boost)  
  78  7:23  Pylon  
  75  7:35  Pylon  
Show
View Real Time Build Order
Export as new Build Order

ShoWTimE Protoss - Winner!

Build Orders: Phoenix Opening, Mass Phoenix 

Get SALT Encoding   

  12  0:00  Probe  
  13  0:12  Probe  
  14  0:16  Pylon  
  14  0:24  Probe (Chrono Boost)  
  15  0:36  Gateway, Probe (Chrono Boost)  
  16  0:44  Probe (Chrono Boost)  
  16  0:45  Assimilator  
  17  0:51  Probe  
  18  1:03  Probe  
  19  1:15  Probe (Chrono Boost)  
  20  1:22  Assimilator  
  20  1:23  Pylon  
  20  1:24  Cybernetics Core  
  20  1:27  Probe (Chrono Boost)  
  21  1:33  Probe (Chrono Boost)  
  22  1:41  Zealot, Probe  
  22  1:43  Pylon  
  25  1:53  Probe  
  26  2:01  Stargate  
  26  2:08  Adept  
  26  2:09  Probe  
  29  2:30  Nexus  
  29  2:35  Pylon  
  29  2:44  Phoenix (Chrono Boost)  
  31  2:53  Probe  
  32  3:00  Phoenix (Chrono Boost)  
  32  3:05  Probe  
  35  3:09  Stalker  
  37  3:16  Shield Battery  
  37  3:22  Phoenix (Chrono Boost)  
  39  3:41  Probe, Phoenix (Chrono Boost), Pylon  
  37  3:48  Probe  
  41  3:53  Probe  
  41  3:55  Assimilator  
  42  3:58  Assimilator  
  42  4:00  Probe  
  43  4:05  Probe  
  43  4:06  Phoenix (Chrono Boost)  
  45  4:12  Probe  
  46  4:17  Probe  
  46  4:19  Stargate  
  47  4:25  Probe, Pylon  
  47  4:29  Probe  
  49  4:34  Phoenix (Chrono Boost)  
  49  4:37  Probe  
  52  4:42  Probe  
  53  4:48  Pylon  
  53  4:50  Probe  
  54  4:54  Phoenix, Probe  
  57  5:02  Probe  
  57  5:06  Probe, Pylon  
  59  5:11  Phoenix  
  59  5:14  Probe  
  62  5:18  Probe  
  62  5:19  Phoenix (Chrono Boost)  
  65  5:26  Probe  
  66  5:31  Fleet Beacon  
  66  5:35  Phoenix (Chrono Boost)  
  66  5:41  Phoenix (Chrono Boost)  
  70  5:46  Probe, Pylon  
  70  5:47  Probe  
  72  5:51  Phoenix  
  74  6:01  Phoenix  
  74  6:03  Pylon  
  76  6:09  Anion Pulse-Crystals (Chrono Boost)  
  76  6:13  Pylon  
  76  6:22  Phoenix  
  77  6:28  Nexus  
  77  6:31  Phoenix  
  79  6:33  Probe  
  79  6:34  Probe  
  79  6:39  Assimilator  
  81  6:47  Probe x2, Phoenix (Chrono Boost)  
  83  6:49  Assimilator  
  85  6:59  Probe  
  85  7:00  Probe  
  89  7:04  Phoenix (Chrono Boost)  
  89  7:07  Phoenix (Chrono Boost)  
  91  7:11  Probe  
  91  7:12  Probe  
  85  7:24  Probe x2  
Tags
 
Add a new tag
Caveats
  • Supply blocks, unpowered buildings, or Contaminate may cause inaccurate times.
  • Supply counts are checked every 10 seconds.